 Dungeon Crawl Stone Soup version 0.17.1-1-g73c8601 (webtiles) character file.

145 onyx93 the Insei (level 5, -2/37 HPs)
             Began as an Octopode Monk on Dec 13, 2015.
             Slain by an ogre
             ... wielding a +0 giant spiked club
              (27 damage)
             ... on level 3 of the Dungeon.
             The game lasted 00:05:53 (2376 turns).

onyx93 the Insei (Octopode Monk)                    Turns: 2376, Time: 00:05:54

Health: -2/37      AC:  1    Str: 12    XL:     5   Next: 27%
Magic:  5/5        EV: 13    Int: 12    God:
Gold:   110        SH:  0    Dex: 14    Spells: 0 memorised, 4 levels left

rFire  . . .     SeeInvis .       - Unarmed
rCold  . . .     Clarity  .     (no shield)
rNeg   . . .     SustAt   .     (helmet restricted)
rPois  .         Gourm    .     (no amulet)
rElec  .         Spirit   .     d - ring of protection from magic
rCorr  .         Warding  .     (no ring)
rMut   .         Stasis   .     (no ring)
MR     +....                    (no ring)
Stlth  +++.......               (no ring)
                                (no ring)
                                (no ring)
                                (no ring)

@: somewhat resistant to hostile enchantments, fairly stealthy
A: almost no armour, amphibious, 8 rings, constrict 8, camouflage 1, gelatinous
body 1
a: no special abilities


You were on level 3 of the Dungeon.
You were hungry.

You visited 1 branch of the dungeon, and saw 3 of its levels.

You collected 110 gold pieces.

Inventory:

Jewellery
 d - a ring of protection from magic (left tentacle)
 i - an uncursed amulet of faith
Scrolls
 b - 3 scrolls of identify {unknown}
 c - 2 scrolls of enchant weapon {unknown}
 e - 2 scrolls of remove curse {unknown}
 g - a scroll of enchant armour {unknown}
 j - a scroll of teleportation {unknown}
 l - a scroll of recharging {unknown}
Potions
 f - a potion of mutation {unknown}
 h - 2 potions of curing {unknown}
 m - a potion of degeneration {unknown}
 o - a potion of ambrosia {unknown}
 p - a potion of poison {unknown}
Comestibles
 a - 3 bread rations
 k - a meat ration
 n - a beef jerky


   Skills:
 + Level 4.0 Fighting
 - Level 3.0 Dodging
 - Level 2.6 Stealth
 + Level 5.8 Unarmed Combat


You had 4 spell levels left.
You didn't know any spells.

Dungeon Overview and Level Annotations

Branches:
Dungeon (3/15)

Altars:


Innate Abilities, Weirdness & Mutations

You cannot wear most types of armour.
You are amphibious.
You can wear up to eight rings at the same time.
You can use your tentacles to constrict eight enemies at once.
Your skin changes colour to match your surroundings (Stealth).
Your rubbery body absorbs attacks (AC +1).


Message History

The ogre is lightly wounded.
The ogre closely misses you.
You barely miss the ogre.
The ogre is lightly wounded.
The ogre closely misses you.
You barely miss the ogre.
The ogre is lightly wounded.
You tentacle-slap the ogre.
The ogre is moderately wounded.
The ogre hits you with a giant spiked club!
You tentacle-slap the ogre.
The ogre is moderately wounded.
You barely miss the ogre.
The ogre is moderately wounded.
The ogre closely misses you.
You tentacle-slap the ogre.
The ogre is heavily wounded.
The ogre hits you with a giant spiked club!!
Ouch! That really hurt!
You die...

#[####.#.#.#....# #.#
#......#.#.#....# #.#
##########.#...##..... #.#
.....#####.#...################.#
..............รท.......>.........#
####.#####.#...#.######.#.####..#
#..####.#.....########.##....#
###...........#.#........##.##.#
#......##......@#.#########.##.#
#......##...#.#O#.# #.......#
##......##...#.#.#.# #)##.####
.#......##...#.#.#.# #.#..#
.#...............#.# #.#..#
.#.####..#.###.###.######.#..####
.#.............# #.#.............
.######..).##..# #.#.############
.# #.#..# .# #..........


You could see an ogre.

Vanquished Creatures
  Natasha (D:3)
  4 adders
  3 oozes
  A worm (D:3)
  4 giant geckos
  3 orcs (D:3)
  8 bats
  9 goblins
  9 hobgoblins
  8 kobolds
  A quokka (D:2)
  4 giant cockroaches
  3 giant newts
  6 rats
64 creatures vanquished.

Notes
Turn   | Place    | Note
--------------------------------------------------------------
     0 | D:1      | onyx93 the Octopode Monk began the quest for the Orb.
     0 | D:1      | Reached XP level 1. HP: 16/16 MP: 1/1
   108 | D:1      | Reached XP level 2. HP: 9/21 MP: 2/2
   816 | D:1      | Reached XP level 3. HP: 26/26 MP: 3/3
  1024 | D:2      | Reached skill level 5 in Unarmed Combat
  1401 | D:2      | Reached XP level 4. HP: 27/32 MP: 4/4
  1773 | D:3      | Noticed Natasha
  1780 | D:3      | Killed Natasha
  1931 | D:3      | Reached XP level 5. HP: 31/37 MP: 5/5
  1936 | D:3      | Noticed an ogre
  2376 | D:3      | Slain by an ogre

Action                   |  1- 3 |  4- 6 || total
-------------------------+-------+-------++-------
Melee: Unarmed           |    81 |    57 ||   138
 Stab: Sleeping          |    19 |     2 ||    21
       Distracted        |     1 |       ||     1
  Eat: Chunk             |     1 |     3 ||     4
